 Dungeon Crawl Stone Soup version 0.31-a0-232-gb1c03b2570 (webtiles) character file.

Game seed: 14749087720922997859

23 qw the Shooter (level 3, -1/21 HPs)
             Began as a Gargoyle Hexslinger on July 6, 2023.
             Slain by a goblin
             ... wielding a +0 dagger
              (2 damage)
             ... on level 2 of the Dungeon.
             The game lasted 00:00:21 (831 turns).

qw the Shooter (Gargoyle Hexslinger)                 Turns: 831, Time: 00:00:22

Health: -1/21      AC:  9    Str: 11    XL:     3   Next: 0%
Magic:  4/4        EV: 10    Int: 13    God:
Gold:   79         SH:  0    Dex: 14    Spells: 3/4 levels left

rFire   + . .        Y - +1 sling
rCold   . . .        (no shield)
rNeg    + . .        i - +0 ring mail
rPois   inf          (no helmet)
rElec   +            (no cloak)
rCorr   .            (no gloves)
SInv    .            k - +0 pair of boots
Will    .....        (no amulet)
Stlth   +            m - ring of protection from fire
HPRegen 0.23/turn    (no ring)
MPRegen 0.09/turn

%: no passive effects
@: no status effects
A: sickness immunity, AC +3, negative energy resistance 1, electricity
resistance, torment resistance 1, petrification resistance
a: no special abilities


You were on level 2 of the Dungeon.
You visited 1 branch of the dungeon, and saw 2 of its levels.

You collected 79 gold pieces.


Innate Abilities, Weirdness & Mutations

You are immune to sickness and miasma.
Your stone body is resilient. (AC +3)
You are immune to poison.
You resist negative energy. (rN+)
You are resistant to electric shocks. (rElec)
You are resistant to unholy torment.
You are immune to petrification.


   Skills:
 - Level 2.0 Fighting
 - Level 3.0 Ranged Weapons
 + Level 0.0 Armour
 - Level 1.5 Dodging
 - Level 1.0 Spellcasting
 - Level 2.6 Hexes


You had 3 spell levels left.
You knew the following spells:

 Your Spells              Type           Power      Damage    Failure   Level
a - Slow                  Hex            28%        N/A       22%         1

Your spell library contained the following spells:

 Spells                   Type           Power      Damage    Failure   Level
 Inner Flame              Hex/Fire       4%         N/A       75%         3
 Portal Projectile        Hex/Tloc       8%         N/A       75%         3
 Cause Fear               Hex            3%         N/A       92%         4

Inventory:

Hand Weapons
 Y - a +1 sling (weapon)
Armour
 i - a +0 ring mail (worn)
 k - a +0 pair of boots (worn)
Jewellery
 m - a ring of protection from fire (left hand)
Scrolls
 a - a scroll of enchant weapon {unknown}
Potions
 b - a potion of enlightenment {unknown}
 f - a potion of curing {unknown}
 h - a potion of mutation {unknown}

Dungeon Overview and Level Annotations

Branches:
Dungeon (2/15)

Altars:


Message History

The jackal barely misses you. The rat bites you.
The adder bites you but does no damage.
You shoot a sling bullet. The sling bullet misses the adder.
The bat closely misses you.
The jackal bites you but does no damage.
The adder bites you but does no damage. The goblin barely misses you.
The rat closely misses you.
The jackal bites you but does no damage.
The bat hits you but does no damage.
You shoot a sling bullet. The sling bullet hits the adder!
The adder is almost dead.
The bat hits you but does no damage. The adder barely misses you.
The goblin barely misses you. The rat barely misses you.
The jackal barely misses you. The adder bites you but does no damage.
The jackal bites you but does no damage.
The rat barely misses you. The goblin misses you.
You shoot a sling bullet.
The sling bullet barely misses the adder.
The bat completely misses you. The bat barely misses you.
The adder closely misses you. The jackal barely misses you.
The bat closely misses you. The adder bites you.
The goblin hits you but does no damage. The rat bites you.
The jackal bites you but does no damage.
You shoot a sling bullet. The sling bullet hits the adder.
The adder is almost dead.
The bat hits you but does no damage. The adder bites you but does no damage.
The jackal barely misses you. The goblin hits you but does no damage.
The rat barely misses you. The adder bites you but does no damage.
The jackal barely misses you. The goblin hits you but does no damage.
The rat misses you.
You shoot a sling bullet.
The sling bullet closely misses the adder.
The adder bites you but does no damage.
The jackal bites you but does no damage.
The goblin hits you but does no damage. The rat bites you. The adder bites you.
The jackal closely misses you.
You shoot a sling bullet. The sling bullet hits the adder.
You kill the adder!
The jackal barely misses you. The goblin hits you with a +0 dagger.
You die...

..............
.............
............ #.
........... +.
.......... #..
......... +#.#
#.#+##%h......
.#.#####
#.....@rb.....
.#..
..###...##.g......
..#
..##...##........
..#
#.##...##########
..# ####.##...#
..# #.........#
..# #.##.###..#
..# #.###..# ..#
#.##.#.#..#


You could see a jackal, a goblin, a bat and a rat.

Vanquished Creatures
  An adder (D:2)
  A ball python (D:1)
  6 bats
  3 jackals
  3 kobolds (D:1)
  2 quokkas (D:1)
  4 frilled lizards
  4 rats (D:1)
24 creatures vanquished.

Notes
Turn   | Place    | Note
-------+----------+-------------------------------------------
     0 | D:1      | qw the Gargoyle Hexslinger began the quest for the Orb.
     0 | D:1      | Reached XP level 1. HP: 12/12 MP: 2/2
     0 | D:1      | 0 ||| qw: Version: 0.3-a-46-gb1f654a
     0 | D:1      | 0 ||| qw: Game counter: 2016
     0 | D:1      | 0 ||| qw: Melee chars always use a shield: true
     0 | D:1      | 0 ||| qw: God list: Okawaru
     0 | D:1      | 0 ||| qw: Allow faded altars: false
     0 | D:1      | 0 ||| qw: Do Orc after clearing Dungeon:15 true
     0 | D:1      | 0 ||| qw: Do second Lair branch before Depths: true
     0 | D:1      | 0 ||| qw: Lair rune preference: random
     0 | D:1      | 0 ||| qw: Goals: Normal
     0 | D:1      | 0 ||| PLANNING D:1-11
   163 | D:1      | Reached XP level 2. HP: 16/16 MP: 3/3
   260 | D:1      | Reached skill level 3 in Ranged Weapons
   680 | D:1      | 680 ||| UPGRADING to +0 leather armour.
   690 | D:1      | 690 ||| DROPPING +0 robe.
   691 | D:1      | 691 ||| UPGRADING to +0 ring mail.
   701 | D:1      | 701 ||| DROPPING +0 leather armour.
   702 | D:1      | 702 ||| UPGRADING to +0 pair of boots.
   707 | D:1      | 707 ||| DROPPING ring of wizardry.
   708 | D:1      | 708 ||| UPGRADING to ring of protection from fire.
   709 | D:1      | 709 ||| READING scroll labelled JEMINA HIMYR.
   710 | D:1      | 710 ||| READING scroll labelled XYIQOAMIMN.
   711 | D:1      | 711 ||| READING scroll labelled OVIUPIN CASIASYN.
   712 | D:1      | 712 ||| DROPPING scroll of poison.
   824 | D:2      | Reached XP level 3. HP: 10/21 MP: 4/4
   825 | D:2      | HP: 4/21 [rat (3)]
   830 | D:2      | HP: 2/21 [rat (1)]
   831 | D:2      | Slain by a goblin

Levels and vault maps discovered:
D:1:      dpeg_arrival_short_road, layout_loops_ring
D:2:      layout_basic, serial_shops, shop, small_statue_intersection

Skill      XL: |  1  2 |
---------------+-------+-----
Ranged Weapons | 3 |  3.0
Fighting       | 2 |  2.0
Dodging        | |  1.5
Spellcasting   | |  1.0
Hexes          | |  2.6

Action                     || total
---------------------------++-------
   Fire: Sling             ||    88
    Use: Scroll            ||     3
 Armour: Robe              ||    12
         Ring mail         ||    65
  Dodge: Dodged            ||    96

Table legend:
 A = Non-vault XP
 B = Vault XP
 C = Vault XP percentage of total XP
 D = Non-vault monster count
 E = Vault monster count
 F = Vault count percentage of total count
                 A         B        C        D         E       F
            +---------+---------+-------+---------+---------+-------
      Total |      47 |       0 |   0.0 |      24 |       0 |   0.0
            +---------+---------+-------+---------+---------+-------
        D:1 |      28 |       0 |   0.0 |      19 |       0 |   0.0
        D:2 |      19 |       0 |   0.0 |       5 |       0 |   0.0
            +---------+---------+-------+---------+---------+-------
